 Dungeon Crawl Stone Soup version 0.31-a0-996-g3b49de5836 (webtiles) character file.

Game seed: 10754206262445074768

124366 GordonOverkill the Eclecticist (level 16, -13/85 HPs)
             Began as a Spriggan Delver on Nov 7, 2023.
             Was a High Priest of Vehumet.
             Killed from afar by Aizul (41 damage)
             ... with a bolt of poison
             ... on level 3 of the Shoals.
             The game lasted 01:23:13 (54624 turns).

GordonOverkill the Eclecticist (Spriggan Delver)   Turns: 54624, Time: 01:23:14

Health: -13/85     AC:  9    Str:  4    XL:     16   Next: 39%
Magic:  22/41      EV: 18    Int: 26    God:    Vehumet [*****.]
Gold:   301        SH:  0    Dex: 20    Spells: 25/55 levels left

rFire   + + .        A - staff "Banutali" {rElec rF+ Will++ Str-4 Dex+4 Air}
rCold   + . .        (shield currently unavailable)
rNeg    . . .        J - +0 steam dragon scales
rPois   .            b - +1 hat
rElec   +            R - +2 cloak {rCorr}
rCorr   +            (gloves unavailable)
SInv    +            (boots unavailable)
Will    ++++.        X - amulet "Meisyfur" {Faith rF+}
Stlth   ++++         Q - ring of protection from cold
HPRegen 0.34/turn    s - +6 ring of intelligence
MPRegen 0.27/turn

%: faith
@: lethally poisoned (-13 -> -29), studying Shields, very quick
A: very small, no large weapons, unfitting armour, see invisible, speed 3
a: Renounce Religion


You were on level 3 of the Shoals.
You worshipped Vehumet.
Vehumet was extremely pleased with you.
You visited 5 branches of the dungeon, and saw 26 of its levels.
You visited 1 bazaar.
You also visited: Ossuary and Ice Cave.

You collected 3007 gold pieces.
You spent 2706 gold pieces at shops.

Inventory:

Hand Weapons
 u - a +4 dagger of protection
Missiles
 L - 2 throwing nets
Armour
 b - a +1 hat (worn)
 G - an orb of energy
 J - +0 steam dragon scales (worn)
 R - a +2 cloak of preservation (worn)
Magical Staves
 A - the staff "Banutali" (weapon) {rElec rF+ Will++ Str-4 Dex+4 Air}
   (You found it on level 4 of the Dungeon)

   [staff of air]

   Base accuracy: +5 Base damage: 5 Base attack delay: 1.2 This weapon's minimum
   attack delay (0.6) is reached at skill level 12.
   Str-4:     It affects your strength (-4).
   Dex+4:     It affects your dexterity (+4).
   rF+:       It protects you from fire.
   rElec:     It insulates you from electricity.
   Will++:    It greatly increases your willpower.
   Air:       It increases the power of your Air spells.
   It falls into the 'Staves' category.
   It is a two-handed weapon.
Jewellery
 e - a ring of flight
 h - a ring of protection from fire
 s - a +6 ring of intelligence (right hand)
 Q - a ring of protection from cold (left hand)
 X - the amulet "Meisyfur" (around neck) {Faith rF+}
   (You bought it in a shop in a bazaar)

   [amulet of faith]

   Faith:     It allows you to gain divine favour quickly.
   rF+:       It protects you from fire.
Wands
 g - a wand of digging (8)
 v - a wand of paralysis (26)
 y - a wand of roots (14)
 B - a wand of flame (32)
 U - a wand of acid (8)
 W - a wand of mindburst (5)
Scrolls
 a - 2 scrolls of silence
 d - 6 scrolls of revelation
 k - 2 scrolls of amnesia
 q - 2 scrolls of immolation
 t - 9 scrolls of teleportation
 z - 2 scrolls of vulnerability
 D - a scroll of brand weapon
 M - 2 scrolls of fear
 N - a scroll of identify
 O - a scroll of butterflies
 T - a scroll of blinking
Potions
 f - 3 potions of haste
 i - 6 potions of brilliance
 j - 2 potions of invisibility
 m - 6 potions of lignification
 n - 9 potions of heal wounds
 o - 7 potions of magic
 p - 19 potions of curing
 w - 4 potions of resistance
 I - 4 potions of enlightenment
 K - 5 potions of might
 P - 2 potions of mutation
 V - a potion of cancellation
Miscellaneous
 S - a box of beasts


   Skills:
 - Level 10.0 Fighting
 - Level 4.0 Short Blades
 - Level 2.6 Dodging
 - Level 7.2 Stealth
 - Level 20.0 Spellcasting
 - Level 10.0 Conjurations
 - Level 2.0 Summonings
 + Level 16.2 Air Magic
 - Level 3.0 Evocations


You had 25 spell levels left.
You knew the following spells:

 Your Spells              Type           Power      Damage    Failure   Level
a - Orb of Destruction    Conj           33%        9d10      6%          7
b - Static Discharge      Conj/Air       100%       3-8/arc   0%          2
c - Airstrike             Air            52%        2d(8-24)  0%          4
d - Summon Lightning Spi  Summ/Air       83%        N/A       1%          4
e - Passwall              Tmut/Erth      21%        N/A       2%          2
f - Irradiate             Conj/Tmut      25%        3d20      1%          5
g - Conjure Ball Lightni  Conj/Air       48%        3x3d17    1%          6

Your spell library contained the following spells:

 Spells                   Type           Power      Damage    Failure   Level
 Yara's Violent Unravell  Hex/Tmut       13%        3d7       12%         5
 Shock                    Conj/Air       100%       1d9       0%          1
 Swiftness                Air            100%       N/A       0%          3
 Freeze                   Ice            100%       1d10      1%          1
 Cigotuvi's Dreadful Rot  Necr/Pois/Air  100%       N/A       1%          2
 Frozen Ramparts          Ice            52%        1d8       1%          3
 Hailstorm                Conj/Ice       51%        3d11      1%          3
 Ignite Poison            Fire/Tmut/Pois 26%        N/A       1%          3
 Brom's Barrelling Bould  Conj/Erth      51%        2d7       1%          4
 Fireball                 Conj/Fire      25%        3d11      1%          5
 Freezing Cloud           Conj/Ice/Air   41%        6-21      1%          5
 Iskenderun's Battlesphe  Conj           67%        2d12      1%          5
 Ozocubu's Armour         Ice            26%        N/A       4%          3
 Animate Armour           Summ/Erth      62%        N/A       11%         4
 Summon Ice Beast         Ice/Summ       31%        N/A       11%         4
 Lee's Rapid Deconstruct  Erth           13%        3d9*      12%         5
 Alistair's Intoxication  Tmut/Pois      17%        N/A       41%         5
 Metabolic Englaciation   Hex/Ice        13%        N/A       41%         5
 Simulacrum               Ice/Necr       13%        N/A       94%         6


Dungeon Overview and Level Annotations

Branches:
Dungeon (15/15)            Temple (1/1) D:4            Lair (5/5) D:10
 Shoals (3/4) Lair:3       Spider (0/4) Lair:2        Slime (0/5) Lair:5
    Orc (2/2) D:12            Elf (0/3) Orc:2        Vaults (0/5) D:13
 Depths (0/4) D:15        Ossuary (visited)           IceCv (visited)

Altars:
Ashenzari
Cheibriados
Dithmenos
Elyvilon
Fedhas
Gozag
Hepliaklqana
Kikubaaqudgha
Makhleb
Nemelex Xobeh
Okawaru
Qazlal
Ru
Sif Muna
Trog
Uskayaw
Vehumet
Wu Jian
Xom
Yredelemnul
Zin
The Shining One

Shops:
D:5 [   D:8 *   D:12 ?   Orc:2 :([*!   Shoals:2 *

Annotations:
D:2 Natasha
D:11 1 runed translucent door, ripuliukko's ghost, journeyman GrEE
D:12 exclusion: orange crystal statue
Lair:2 2 transporters
Shoals:3 Aizul
Orc:1 6 transporters


Innate Abilities, Weirdness & Mutations

You are very small and have problems with some larger weapons.
You are too small for most types of armour.
You have supernaturally acute eyesight. (SInv)
You cover ground extremely quickly. (Speed+++)


Message History

Magic restored.
Aizul the Neglectful Guardian comes into view.
Casting: Airstrike (safe; 0% risk of failure)
Confirm with . or Enter, or press ? or * to list all spells.
Aiming: Orb of Destruction (dangerous; 6% risk of failure)
Press: ? - help, Shift-Dir - straight line, f - Aizul
Aim: Aizul (asleep) Aizul shouts!
The orb of destruction hits Aizul!!!
Aizul is moderately wounded.
Casting: Orb of Destruction (dangerous; 6% risk of failure)
Confirm with . or Enter, or press ? or * to list all spells.
Aiming: Orb of Destruction (dangerous; 6% risk of failure)
Press: ? - help, Shift-Dir - straight line, f/p - Aizul
Aim: Aizul (moderately wounded) Aizul casts a spell at you.
The bolt of poison hits you!!
You are poisoned.
You feel very sick.
The orb of destruction hits Aizul!!
Aizul is heavily wounded.
Casting: Orb of Destruction (dangerous; 6% risk of failure)
Confirm with . or Enter, or press ? or * to list all spells.
Aiming: Orb of Destruction (dangerous; 6% risk of failure)
Press: ? - help, Shift-Dir - straight line, f/p - Aizul
Aim: Aizul (magical condensation, heavily wounded)
You feel very sick.
You feel sick.
Aizul says, "Fancy a snooze?"
You feel sick.
The orb of destruction hits Aizul!!!
Aizul is almost dead.
Aizul casts a spell at you. The bolt of poison hits you!!
You are more poisoned.
* * * LOW HITPOINT WARNING * * *
You feel better. Aizul casts a spell at you. The bolt of poison hits you!!!
You are poisoned.
You die...

≈≈≈≈≈≈≈~~~~~~~~~..
≈≈≈≈≈≈≈≈~~~~~~~~~~..~
~~~~~~~≈≈≈≈≈≈≈≈≈~~~~~~~~~~~~
~~~~~~~≈≈≈≈≈≈~~~~~~~~~...~~~
~~~~~~~≈≈≈≈≈≈~~~~~~≈~~##..~.
..~~~≈≈≈≈≈≈≈≈~~~~~~~~~...~~.
....~≈≈≈≈≈≈≈≈≈~~~~~~~~~...~.
....~≈≈≈≈≈≈≈≈~~~@..~~S..$..~
.~~~~~~...~≈~~..##.°°○°°....
...~~~~....~~..#####...##..~
#..~~~..###..### #####
#...~~.## #### .~ #...~~..#
##### #..≈ ...~~~..##
#####...# #..~~≈
.~~~~~~..###....~..# #...~≈≈
.~~~~~~~........~..##
###...~≈≈≈


You could see Aizul.

Vanquished Creatures
  3 merfolk impalers
  An ice dragon (Orc:1)
  A great orb of eyes (D:13)
  4 hydras
  A centaur warrior (D:14)
  An ogre mage (D:15)
  A boulder beetle (D:15)
  7 two-headed ogres
  A death knight (D:15)
  2 satyrs (Shoals:2)
  A merfolk aquamancer (Shoals:2)
  8 death yaks
  An orc high priest (Orc:2)
  Amaemon (D:9)
  6 skysharks
  5 skeletal warriors
  4 sea snakes
  2 goliath frogs (Lair:5)
  A lindwurm (Lair:4)
  10 harpies
  2 orc knights (Orc:2)
  Pikel (D:7)
  A deep elf pyromancer (D:13)
  An orc sorcerer (Orc:2)
  A wolf spider zombie (D:13)
  9 fauns
  A will-o-the-wisp (D:13)
  5 ugly things
  3 manticores
  An ice statue (IceCv)
  5 cyclopes
  4 merfolk sirens
  13 elephants
  An orange demon (D:9)
  An unseen horror (D:12)
  Maggie (D:7)
  20 cane toads
  7 rime drakes
  2 kobold demonologists
  Jeremiah (D:7)
  6 komodo dragons
  3 freezing wraiths
  A tengu conjurer (D:14)
  A tyrant leech (Lair:5)
  2 wind drakes
  5 polar bears
  Grinder (D:3)
  5 merfolk
  9 trolls
  3 snapping turtles
  19 blink frogs
  A meliai zombie (D:13)
  14 slime creatures
  4 water elementals
  5 wyverns
  2 jumping spiders (Lair:2)
  2 shadows
  47 yaks
  A culicivora (Lair:2)
  3 basilisks
  3 wraiths
  12 vampire mosquitoes
  2 steam dragons
  A redback (Lair:2)
  4 wargs
  11 water moccasins
  An acid dragon (D:10)
  A swamp drake (D:13)
  2 ice beasts
  21 orc warriors
  3 black bears
  6 ogres
  23 wolves
  11 centaurs
  3 lemures (D:7)
  A phantom (D:6)
  5 kobold brigands
  Blork the orc (Orc:2)
  20 bullfrogs
  2 elf zombies (Ossuary)
  A gnoll sergeant (D:5)
  4 scorpions
  11 killer bees
  3 howler monkeys
  A nameless horror (Lair:3)
  2 electric eels
  7 centaur zombies
  5 hounds
  2 jellies
  Crazy Yiuf (D:3)
  3 human zombies (Ossuary)
  11 orc priests
  2 gnoll boudas
  A sleepcap (D:6)
  4 iguanas
  19 orc wizards
  Natasha (twice) (D:2)
  4 hell rats (D:10)
  3 mummies (Ossuary)
  Robin (D:2)
  14 gnolls
  8 adders
  A river rat (D:10)
  A shadow imp (D:6)
  4 adder zombies (Ossuary)
  2 worms
  5 dart slugs
  58 orcs
  5 ball pythons
  4 bats
  5 endoplasms
  5 giant cockroaches
  2 gnoll zombies (Ossuary)
  10 goblins
  10 hobgoblins
  27 kobolds
  3 quokkas
  2 frilled lizards (D:3)
  6 goblin zombies (Ossuary)
  A hobgoblin zombie (Ossuary)
  A jackal zombie (Ossuary)
  3 kobold zombies (Ossuary)
  3 orc zombies (Ossuary)
  3 quokka zombies (Ossuary)
  7 rats
  4 rat zombies (Ossuary)
689 creatures vanquished.

Vanquished Creatures (collateral kills)
  Saint Roka (Orc:2)
  Rupert (Lair:4)
  A frost giant (IceCv)
  A hydra (D:15)
  A vault guard (D:13)
  A great orb of eyes (D:15)
  A centaur warrior (D:13)
  4 death yaks
  2 two-headed ogres (D:15)
  A two-headed ogre (shapeshifter) (D:15)
  An occultist (D:13)
  Nergalle (Orc:2)
  A skeletal warrior (D:15)
  A sea snake (Shoals:1)
  A swamp dragon (D:13)
  A lindwurm (Lair:4)
  A phantasmal warrior (D:15)
  2 orc knights
  An ugly thing (D:15)
  2 manticores
  A manticore (shapeshifter) (D:13)
  A centaur zombie (D:13)
  An elephant (Lair:4)
  A black mamba (Lair:5)
  A gargoyle (D:13)
  5 cane toads
  2 freezing wraiths (D:15)
  3 komodo dragons
  4 rime drakes
  A polar bear (IceCv)
  A glass eye (shapeshifter) (D:15)
  A jumping spider (Lair:2)
  8 slime creatures
  A culicivora (Lair:2)
  8 yaks
  A wraith (D:15)
  2 vampire mosquitoes (D:14)
  A warg (Orc:2)
  A water moccasin (Lair:4)
  6 orc warriors
  A black bear (Lair:3)
  4 wolves
  3 bullfrogs
  An orc priest (Orc:2)
  2 orc wizards (Orc:2)
  4 orcs
91 creatures vanquished.

Vanquished Creatures (others)
  31 ball lightnings
31 creatures vanquished.

Grand Total: 811 creatures vanquished

Notes
Turn   | Place    | Note
-------+----------+-------------------------------------------
     0 | D:5      | GordonOverkill the Spriggan Delver began the quest for the
                  | Orb.
     0 | D:5      | Reached XP level 1. HP: 11/11 MP: 2/2
    13 | D:6      | Noticed an iguana
    36 | D:6      | Noticed an ogre
    36 | D:6      | Noticed a bullfrog
   268 | D:4      | Noticed a jelly
   280 | D:4      | Noticed a howler monkey
   283 | D:4      | Killed a jelly
   284 | D:4      | Reached XP level 2. HP: 16/16 MP: 3/3
   284 | D:4      | Reached XP level 3. HP: 20/20 MP: 4/4
   295 | D:4      | Reached skill level 1 in Spellcasting
   295 | D:4      | Reached XP level 4. HP: 25/25 MP: 4/6
   345 | D:4      | Found a sand-covered staircase.
   450 | D:4      | Noticed a scorpion
   451 | D:4      | Found a staircase to the Ecumenical Temple.
   457 | D:4      | Killed a scorpion
   458 | D:4      | Reached skill level 3 in Spellcasting
   461 | Temple   | Entered the Ecumenical Temple
   476 | Temple   | Became a worshipper of Vehumet
   528 | Ossuary  | Entered an ossuary
   608 | Ossuary  | Reached XP level 5. HP: 23/29 MP: 11/11
  1069 | Ossuary  | Reached skill level 4 in Spellcasting
  1208 | Ossuary  | Reached * piety under Vehumet
  1208 | Ossuary  | Offered knowledge of Shock by Vehumet.
  1230 | Ossuary  | Learned a level 1 spell: Shock
  1404 | Ossuary  | Reached skill level 1 in Air Magic
  1404 | Ossuary  | Reached XP level 6. HP: 23/33 MP: 13/13
  1463 | Ossuary  | Reached skill level 1 in Conjurations
  2442 | D:3      | Reached XP level 7. HP: 33/37 MP: 11/14
  2468 | D:2      | Noticed Robin
  2753 | D:2      | Killed Robin
  2843 | D:2      | Noticed Natasha
  2854 | D:2      | Offered knowledge of Static Discharge by Vehumet.
  2939 | D:1      | Learned a level 2 spell: Static Discharge
  2946 | D:2      | Killed Natasha
  2946 | D:2      | Reached ** piety under Vehumet
  4436 | D:2      | Noticed Natasha
  4443 | D:2      | Killed Natasha
  4444 | D:2      | Reached skill level 5 in Spellcasting
  4803 | D:2      | Noticed Natasha
  5018 | D:3      | Found the +5 Force Lance {heavy, knockback}
  5492 | D:3      | Offered knowledge of Frozen Ramparts by Vehumet.
  5570 | D:3      | Noticed Grinder
  5721 | D:3      | Reached skill level 6 in Spellcasting
  5765 | D:3      | Found a runed translucent door.
  5766 | D:3      | Noticed Crazy Yiuf
  6108 | D:3      | Killed Crazy Yiuf
  6108 | D:3      | Reached *** piety under Vehumet
  6326 | D:3      | Killed Grinder
  6717 | D:4      | Reached XP level 8. HP: 42/42 MP: 15/18
  7100 | D:4      | Reached skill level 7 in Spellcasting
  7688 | D:4      | Identified the staff "Banutali" {rElec rF+ Will++ Str-4
                  | Dex+4 Air}
  8072 | D:5      | Offered knowledge of Airstrike by Vehumet.
  8123 | D:5      | Learned a level 4 spell: Airstrike
  8196 | D:5      | Reached skill level 8 in Spellcasting
  8435 | D:5      | Reached skill level 5 in Air Magic
  8799 | D:5      | Found Li Ji's Dragon-Slaying Spoils.
  8954 | D:6      | Reached skill level 9 in Spellcasting
  8954 | D:6      | Reached skill level 1 in Evocations
  9054 | D:6      | Reached XP level 9. HP: 35/45 MP: 19/23
  9225 | D:6      | Reached **** piety under Vehumet
  9611 | D:6      | Found an iron altar of Okawaru.
  9941 | D:7      | Noticed Maggie
  9950 | D:7      | Killed Maggie
 10061 | D:7      | Found a shimmering altar of Xom.
 10135 | D:7      | Found a sacrificial altar of Ru.
 10176 | D:7      | Offered knowledge of Lee's Rapid Deconstruction by Vehumet.
 10178 | D:7      | Reached skill level 10 in Spellcasting
 10268 | D:7      | Found a bloodstained altar of Trog.
 10843 | D:7      | Reached skill level 5 in Conjurations
 10884 | D:7      | Reached XP level 10. HP: 35/49 MP: 12/25
 10999 | D:7      | Reached skill level 11 in Spellcasting
 11165 | D:7      | Noticed Jeremiah
 11170 | D:7      | Killed Jeremiah
 11170 | D:7      | Reached ***** piety under Vehumet
 11474 | D:7      | Noticed Pikel
 11487 | D:7      | Killed Pikel
 11781 | D:8      | Offered knowledge of Iskenderun's Mystic Blast by Vehumet.
 12028 | D:8      | Reached skill level 12 in Spellcasting
 12574 | D:8      | Found Reuw's Changing Room.
 13479 | D:9      | Noticed a two-headed ogre
 13608 | D:9      | Noticed a two-headed ogre
 13611 | D:9      | Killed a two-headed ogre
 13617 | D:9      | Killed a two-headed ogre
 13618 | D:9      | Reached skill level 13 in Spellcasting
 13618 | D:9      | Reached XP level 11. HP: 53/53 MP: 9/29
 13807 | D:9      | Noticed Amaemon
 13824 | D:9      | Killed Amaemon
 14097 | D:10     | Entered Level 10 of the Dungeon
 14101 | D:10     | Identified a scroll of acquirement
 14102 | D:10     | Acquired 511 gold pieces
 14732 | D:10     | Found a staircase to the Lair.
 14809 | D:10     | Noticed a death yak
 14809 | D:10     | Noticed a death yak
 14832 | D:10     | Killed a death yak
 14833 | D:10     | Noticed a death yak
 15009 | D:9      | Killed a death yak
 15010 | D:9      | Reached skill level 14 in Spellcasting
 15279 | D:10     | Killed a death yak
 15282 | D:10     | Reached skill level 5 in Fighting
 15431 | D:11     | Noticed a two-headed ogre
 15434 | D:11     | Killed a two-headed ogre
 16149 | D:11     | Found a runed translucent door.
 16149 | D:11     | Found a shimmering altar of Xom.
 16149 | D:11     | Noticed ripuliukko's ghost (journeyman GrEE)
 16149 | D:11     | Noticed a +0 trident of chaos
 16620 | D:11     | Identified the +3 quarterstaff of Inquiry {heavy, Dex+2}
 16900 | Lair:1   | Entered Level 1 of the Lair of Beasts
 16906 | Lair:1   | Learned a level 4 spell: Summon Lightning Spire
 17498 | Lair:1   | Reached XP level 12. HP: 63/63 MP: 20/31
 19085 | Lair:2   | Reached skill level 10 in Air Magic
 19239 | Lair:2   | Found a transporter.
 19241 | Lair:2   | Found a transporter.
 19242 | Lair:2   | Noticed a boulder beetle
 19242 | Lair:2   | Noticed a boulder beetle
 19977 | Lair:2   | Found a hole to the Spider Nest.
 20105 | Lair:2   | Reached skill level 15 in Spellcasting
 20242 | Lair:2   | Identified the +8 falchion of the Extremely Mad {protect,
                  | Str+2 Int+3}
 21416 | Lair:3   | Reached skill level 1 in Summonings
 22317 | Lair:3   | Offered knowledge of Olgreb's Toxic Radiance by Vehumet.
 22364 | Lair:3   | Found a staircase to the Shoals.
 24052 | Lair:4   | Reached skill level 16 in Spellcasting
 24062 | Lair:4   | Noticed Rupert
 24065 | Lair:4   | Killed Rupert
 24066 | Lair:4   | Reached XP level 13. HP: 67/67 MP: 13/34
 25597 | Lair:4   | Reached skill level 17 in Spellcasting
 26135 | Lair:5   | Identified the of Tothia
 26135 | Lair:5   | Entered Level 5 of the Lair of Beasts
 28273 | Lair:5   | Reached skill level 18 in Spellcasting
 28913 | Lair:5   | Reached XP level 14. HP: 72/72 MP: 22/37
 30547 | Lair:5   | Found a staircase to the Slime Pits.
 31056 | D:10     | Learned a level 2 spell: Passwall
 31746 | D:12     | Found Neyrhiog's Magic Scroll Boutique.
 31753 | D:12     | Bought a scroll of fear for 60 gold pieces
 31753 | D:12     | Bought a scroll of identify for 30 gold pieces
 31753 | D:12     | Bought a scroll of identify for 30 gold pieces
 31945 | D:12     | Found a staircase to the Orcish Mines.
 32324 | D:12     | Reached skill level 19 in Spellcasting
 34576 | D:13     | Offered knowledge of Irradiate by Vehumet.
 34583 | D:13     | Learned a level 5 spell: Irradiate
 36704 | D:13     | Found a gate to the Vaults.
 36987 | D:13     | Found a gate to the Vaults.
 37585 | D:14     | Reached skill level 10 in Conjurations
 37699 | D:14     | Found a stormy altar of Qazlal.
 38892 | D:15     | Entered Level 15 of the Dungeon
 40588 | D:15     | Reached XP level 15. HP: 48/75 MP: 19/39
 40946 | D:15     | Reached skill level 20 in Spellcasting
 41275 | D:15     | Identified the +0 falchion of Exquisite Torment {freeze,
                  | Fly rF+}
 43503 | D:15     | Found a staircase to the Depths.
 43597 | Orc:1    | Entered Level 1 of the Orcish Mines
 44256 | Orc:1    | Offered knowledge of Arcjolt by Vehumet.
 44282 | Orc:1    | Found a frozen archway.
 44338 | IceCv    | Entered an ice cave
 45326 | IceCv    | Reached skill level 15 in Air Magic
 45921 | IceCv    | Noticed a frost giant
 46868 | IceCv    | Killed a frost giant
 47144 | Orc:1    | Found a sparkling altar of Nemelex Xobeh.
 47145 | Orc:1    | Found a transporter.
 47145 | Orc:1    | Found a transporter.
 47145 | Orc:1    | Found a transporter.
 47145 | Orc:1    | Found a transporter.
 47146 | Orc:1    | Found a transporter.
 47147 | Orc:1    | Found a transporter.
 47147 | Orc:1    | Noticed a juggernaut
 47263 | Orc:2    | Entered Level 2 of the Orcish Mines
 47525 | Orc:2    | Noticed Saint Roka
 47649 | Orc:2    | Found Piqaves's Distillery.
 48198 | Orc:2    | Noticed Blork the orc
 48199 | Orc:2    | Killed Blork the orc
 48487 | Orc:2    | Noticed Nergalle
 48498 | Orc:2    | Killed Nergalle
 48941 | Orc:2    | Offered knowledge of Bombard by Vehumet.
 49811 | Orc:2    | Found Peosest's Antique Armour Boutique.
 50064 | Orc:2    | Found Quzuuni's Antique Weapon Boutique.
 50107 | Orc:2    | Killed Saint Roka
 50220 | Orc:2    | Found Liqecheo's General Store.
 50226 | Orc:2    | Bought a potion of brilliance for 52 gold pieces
 50226 | Orc:2    | Bought a box of beasts for 520 gold pieces
 50269 | Orc:2    | Found a staircase to the Elven Halls.
 50433 | Orc:2    | Found Quzics's Book Boutique.
 50440 | Orc:2    | Bought a book of the Spheres for 832 gold pieces
 50449 | Orc:2    | Learned a level 7 spell: Orb of Destruction
 50456 | Orc:2    | Learned a level 6 spell: Conjure Ball Lightning
 50591 | Orc:2    | Bought a potion of enlightenment for 60 gold pieces
 50591 | Orc:2    | Bought 2 potions of heal wounds for 120 gold pieces
 50591 | Orc:2    | Bought a potion of magic for 96 gold pieces
 50591 | Orc:2    | Bought a potion of curing for 36 gold pieces
 50591 | Orc:2    | Bought a potion of enlightenment for 60 gold pieces
 50591 | Orc:2    | Bought a potion of heal wounds for 60 gold pieces
 50591 | Orc:2    | Bought a potion of curing for 36 gold pieces
 50591 | Orc:2    | Bought a potion of brilliance for 48 gold pieces
 50666 | D:12     | Bought a scroll of teleportation for 45 gold pieces
 50666 | D:12     | Bought 3 scrolls of teleportation for 135 gold pieces
 50788 | Spider:2 | Identified the "Ikhlury"
 50788 | Shoals:1 | Entered Level 1 of the Shoals
 51335 | Shoals:1 | Found a flickering gateway to a bazaar.
 51344 | Bazaar   | Entered a bazaar
 51348 | Bazaar   | Found Hiwuh's Antique Weapon Emporium.
 51356 | Bazaar   | Found Miytug's Book Shop.
 51397 | Bazaar   | Found Buseecs's Antique Armour Shoppe.
 51405 | Bazaar   | Found Sumukk's Jewellery Boutique.
 51435 | Bazaar   | Bought the amulet "Meisyfur" {Faith rF+} for 486 gold
                  | pieces
 51527 | Shoals:1 | Reached XP level 16. HP: 62/84 MP: 14/41
 51730 | Shoals:1 | Reached skill level 10 in Fighting
 52044 | Shoals:2 | HP: 1/85 [spore (9)]
 53969 | Shoals:2 | Offered knowledge of Yara's Violent Unravelling by Vehumet.
 54200 | Shoals:2 | Found Libaywex's Gadget Gallery.
 54201 | Shoals:2 | Identified the +1 whip "Arbiter" {venom, Will+}
 54429 | Shoals:3 | Identified the "Paokaqy"
 54613 | Shoals:3 | Identified the serpent talisman of the Ecumenical Temple
                  | {rElec}
 54613 | Shoals:3 | Noticed Aizul
 54624 | Shoals:3 | Killed from afar by Aizul

Illustrated notes

Levels and vault maps discovered:
D:1:      scummos_arrival_hexagon, layout_basic,
          nicolae_concentric_dashed_squares_wild
D:2:      layout_basic, serial_forest, infiniplex_forest_lined_3,
          infiniplex_forest_clump_small, infiniplex_forest_lined_room_2,
          infiniplex_forest_clump_medium, uniq_robin, uniq_natasha
D:3:      layout_basic, uniq_grinder, uniq_crazy_yiuf_cottage
D:4:      layout_basic, temple_statues, nicolae_ossuary_entry_false_entrances
D:5:      layout_loops_ring, nicolae_shop_dragon_depot, minmay_holes
D:6:      layout_basic, okawaru_metal_pillars_1_2, minmay_misc_feat_alley
D:7:      layout_gridville, mainiacjoe_overflow_surrounded_room,
          trog_butcher_becter, lemuel_doored_altar, uniq_pikel, uniq_maggie,
          uniq_jeremiah
D:8:      layout_loops_corners, serial_glass, glass_columns_a, glass_columns_b,
          item_on_display_a, nicolae_transmutations_shop,
          corexii_leaking_fountain
D:9:      layout_rooms, eino_tiny_chamber, uniq_amaemon
D:10:     layout_basic, dpeg_lair_monsters
D:11:     layout_basic, ebering_ghost_xom
D:12:     layout_basic, orc_0_dummy, serial_shops, shop, minmay_protected_statue
D:13:     layout_long_grid, david_vaults_5, serial_undead, serial_undead_c,
          serial_undead_a, serial_undead_c, serial_undead_c, pond
D:14:     layout_loops_cross, grunt_qazlal_clouds
D:15:     gammafunk_enter_depths_forms, layout_basic, minmay_misc_feat_doors,
          lemuel_old_faithful
Temple:   hc_temple_tempest_star
Lair:1:   layout_loops_ring, grunt_megastairs_3, lemuel_fruit_fields
Lair:2:   gammafunk_boulding_lane, layout_regular_city,
          nicolae_spider_entry_tight_spaces, grunt_megastairs_4,
          infiniplex_staircase_pool_2
Lair:3:   layout_cave_pods, mainiacjoe_shoals_entry_four_pools,
          grunt_megastairs_2, infiniplex_staircase_pool
Lair:4:   layout_big_grid, nicolae_lair_lindhole, uniq_rupert
Lair:5:   minmay_lair_end_frog_pond, layout_hall_layers, slime_entry_1,
          serial_forest, infiniplex_forest_zigzag_1,
          infiniplex_forest_lined_room_3, infiniplex_forest_end_2,
          infiniplex_forest_lined_corner, infiniplex_forest_end_3,
          infiniplex_forest_lined_corner, infiniplex_forest_zigzag_1
Shoals:1: layout_shoals, serial_shops, bzr_in_the_mist,
          nicolae_shoals_lost_giant_temple
Shoals:2: layout_shoals, nicolae_shop_gadgets
Shoals:3: dreamdust_from_the_deep, layout_shoals, nicolae_shoals_shepherds,
          uniq_aizul
Orc:1:    layout_caves, portal_ice_cave_entry_animals_and_master,
          hellmonk_jugg_or_not
Orc:2:    grunt_orc_cross, layout_caves, serial_shops, shop

Skill      XL: |  1  2  3  4  5  6  7  8  9 10 11 12 13 14 15 16 |
---------------+-------------------------------------------------+-----
Fighting       | 3 4 7 9 10 | 10.0
Spellcasting   | 1 3 4 6 9 10 13 14 16 18 19 20 | 20.0
Short Blades   | 3 4 |  4.0
Air Magic      | 1 3 4 5 7 8 9 10 11 13 15 16 | 16.2
Conjurations   | 2 3 5 6 8 9 10 | 10.0
Evocations     | 2 3 |  3.0
Summonings     | 2 |  2.0
Dodging        | |  2.6
Stealth        | |  7.2

Action                     |  1- 3 |  4- 6 |  7- 9 | 10-12 | 13-15 | 16-18 || total
---------------------------+-------+-------+-------+-------+-------+-------++-------
  Melee: Short sword       |     3 |   301 |     9 |       |       |       ||   313
         Punch             |       |     4 |       |       |       |       ||     4
         Dagger            |       |       |     8 |       |       |       ||     8
         Staff             |       |       |     2 |    25 |    14 |     1 ||    42
   Cast: Shock             |       |    37 |   328 |   201 |    58 |       ||   624
         Static Discharge  |       |       |    83 |    73 |    36 |     7 ||   199
         Airstrike         |       |       |    13 |   230 |   848 |    69 ||  1160
         Summon Lightning  |       |       |       |    20 |   115 |     4 ||   139
         Conjure Ball Ligh |       |       |       |       |     4 |     8 ||    12
         Orb of Destructio |       |       |       |       |     1 |    17 ||    18
         Irradiate         |       |       |       |       |       |     2 ||     2
  Evoke: Wand              |       |       |       |     8 |     5 |       ||    13
    Use: Scroll            |       |       |     7 |    13 |    17 |     1 ||    38
         Potion            |       |       |     3 |       |     6 |     1 ||    10
   Stab: Sleeping          |     3 |    10 |    13 |       |       |       ||    26
 Armour: Robe              |       |   123 |   156 |    55 |       |       ||   334
         Steam dragon scal |       |       |       |   114 |   194 |    52 ||   360
  Dodge: Dodged            |       |   170 |   106 |   117 |   163 |    25 ||   581
  Block: Other             |       |       |    10 |    37 |    45 |       ||    92
         Reflection        |       |       |     2 |     3 |     2 |       ||     7

Table legend: (Time is in decaauts)
 A = Elapsed time spent in this place.
 B = Non-inter-level travel time spent in this place.
 C = Inter-level travel time spent in this place.
 D = Time resting spent in this place.
 E = Time spent auto-exploring this place.
 F = Levels seen in this place.
 G = Mean time per level.
                   A        B        C        D        E       F      G
               +--------+--------+--------+--------+--------+-----+--------+
         Total |  46910 |  45790 |   1120 |  30590 |   9490 |  29 | 1617.6 |
       Dungeon |  23152 |  22518 |    634 |  13480 |   6373 |  15 | 1543.5 |
        Temple |     19 |      3 |     16 |      0 |      0 |   1 |   19.0 |
          Lair |  12800 |  12478 |    322 |   9651 |   1722 |   5 | 2560.0 |
        Shoals |   3399 |   3331 |     68 |   2222 |    729 |   3 | 1133.0 |
  Orcish Mines |   3525 |   3446 |     79 |   2563 |    501 |   2 | 1762.5 |
        Bazaar |     75 |     75 |      0 |      0 |     46 |   1 |   75.0 |
       Ossuary |   1523 |   1523 |      0 |    728 |      0 |   1 | 1523.0 |
      Ice Cave |   2414 |   2414 |      0 |   1944 |    119 |   1 | 2414.0 |
               +--------+--------+--------+--------+--------+-----+--------+

Top non-repeatable levels by time:
    D:15: 3478 daAuts
  Lair:3: 3417 daAuts
  Lair:4: 3344 daAuts
    D:12: 2866 daAuts
    D:13: 2585 daAuts
  Lair:2: 2434 daAuts
   IceCv: 2414 daAuts
  Lair:5: 2320 daAuts
   Orc:2: 1807 daAuts
    D:14: 1790 daAuts
Shoals:1: 1732 daAuts
   Orc:1: 1717 daAuts
    D:11: 1613 daAuts
     D:7: 1560 daAuts
 Ossuary: 1523 daAuts
